 Dungeon Crawl Stone Soup version 0.23.0-38-g208d714 (webtiles) character file.

Game seed: 16366621114358874239

2184 wolfsongas the Fighter (level 9, -9/75 HPs)
             Began as a Demonspawn Fighter on Feb 28, 2019.
             Was a Believer of Dithmenos.
             Mangled by a two-headed ogre
             ... wielding a +0 giant club
              (22 damage)
             ... on level 8 of the Dungeon.
             The game lasted 00:12:24 (7313 turns).

wolfsongas the Fighter (Demonspawn Fighter)         Turns: 7313, Time: 00:12:24

Health: -9/75      AC:  8    Str: 18    XL:     9   Next: 11%
Magic:  9/9        EV: 12    Int: 11    God:    Dithmenos [**....]
Gold:   417        SH: 19    Dex: 22    Spells: 8/8 levels left

rFire    . . .     SeeInvis .   A - +1 war axe (venom)
rCold    . . .     Gourm    .   r - +4 large shield
rNeg     . . .     Faith    .   b - +0 scale mail
rPois    .         Spirit   .   (no helmet)
rElec    .         Reflect  .   (no cloak)
rCorr    .         Harm     .   (no gloves)
MR       .....                  q - +0 pair of boots
Stlth    +++.......             (no amulet)
HPRegen  0.22/turn              o - +2 ring of dexterity
MPRegen  0.11/turn              p - +1 ring of evasion

@: agile, wreathed by umbra
A: claws 2, thin skeletal structure 1, powered by pain 2
a: Shadow Step, Renounce Religion


You were on level 8 of the Dungeon.
You worshipped Dithmenos.
Dithmenos was pleased with you.
You were not hungry.

You visited 1 branch of the dungeon, and saw 8 of its levels.

You collected 417 gold pieces.

Inventory:

Hand Weapons
 A - a +1 war axe of venom (weapon)
Armour
 b - a +0 scale mail (worn)
 c - a +1 shield
 n - a +0 plate armour
 q - a +0 pair of boots (worn)
 r - a +4 large shield (worn)
 t - a +0 ring mail
Jewellery
 e - an uncursed ring of see invisible
 g - an uncursed ring of fire
 o - a +2 ring of dexterity (left claw)
 p - a +1 ring of evasion (right claw)
Wands
 m - a wand of iceblast (2)
 v - a wand of paralysis (9)
Scrolls
 a - 3 scrolls of identify
 h - a scroll of magic mapping
 l - 3 scrolls of remove curse
 u - a scroll of fear
 x - 3 scrolls of teleportation
 y - a scroll of amnesia
Potions
 d - a potion of ambrosia
 i - a potion of curing
 j - 2 potions of magic
 k - 2 potions of cancellation
 s - 2 potions of flight
Comestibles
 f - 19 rations


   Skills:
 + Level 8.9 Fighting
 + Level 4.8 Axes
 + Level 4.9 Armour
 - Level 1.5 Dodging
 - Level 1.8 Stealth
 + Level 5.0 Shields


You had 8 spell levels left.
You didn't know any spells.
Your spell library was empty.

Dungeon Overview and Level Annotations

Branches:
Dungeon (8/15)             Temple (0/1) D:6
   Lair: D:8-11

Altars:
Dithmenos
Hepliaklqana
Kikubaaqudgha
Nemelex Xobeh
Sif Muna
Trog
Uskayaw
Vehumet
The Shining One

Shops:
D:8 }


Innate Abilities, Weirdness & Mutations

You have very sharp fingernails.
You have a somewhat thin skeletal structure. (Dex +2, Stealth)
You sometimes gain power by taking damage.


Message History

You hit the two-headed ogre.
The two-headed ogre looks as sick as possible!
The two-headed ogre is moderately wounded.
The two-headed ogre hits you with a +0 giant club!!
The two-headed ogre hits you with a +0 giant spiked club!!
* * * LOW HITPOINT WARNING * * *
You focus on the pain.
You feel agile all of a sudden.
You feel more agile all of a sudden. You block the two-headed ogre's attack.
The two-headed ogre barely misses you.
You hit the two-headed ogre but do no damage.
The two-headed ogre looks as sick as possible!
The two-headed ogre is moderately wounded.
You block the two-headed ogre's attack. x2
You slash the two-headed ogre!
The two-headed ogre looks as sick as possible!
The two-headed ogre is severely wounded.
You block the two-headed ogre's attack.
The two-headed ogre hits you with a +0 giant spiked club!!
You die...

#.#.##.#.#.#
#....#.#.#.#
#.####.#.#.#
#......#.#.#
########.#.#
#######.#.#
..........#
#######.###
#..O@...#
#.###.#.#
....# #.##._
... ..# #.#
.# ### ##


You could see a two-headed ogre.

Vanquished Creatures
  Eustachio (D:4)
  A hungry ghost (D:7)
  A black bear (D:6)
  2 ice beasts (D:7)
  A sky beast (D:5)
  2 centaurs
  An ogre (D:7)
  A big kobold (D:8)
  A bullfrog (D:6)
  5 wights (D:4)
  6 killer bees (D:8)
  2 jellies
  A crimson imp (D:8)
  A bullfrog skeleton (D:5)
  2 hounds
  A centaur skeleton (D:5)
  2 orc priests (D:7)
  2 iguanas
  4 worker ants
  A hound skeleton (D:4)
  10 adders
  4 gnolls (D:6)
  3 shadow imps
  An adder zombie (D:5)
  An adder skeleton (D:4)
  5 worms
  2 dart slugs (D:1)
  6 leopard geckos
  18 orcs
  2 giant cockroaches
  9 goblins
  6 hobgoblins
  8 jackals
  8 kobolds
  2 quokkas
  A ball python (D:1)
  14 bats
  2 frilled lizards (D:4)
  A leopard gecko skeleton (D:5)
  2 quokka skeletons
  6 rats
149 creatures vanquished.

Notes
Turn   | Place    | Note
-------+----------+-------------------------------------------
     0 | D:1      | wolfsongas the Demonspawn Fighter began the quest for the
                  | Orb.
     0 | D:1      | Reached XP level 1. HP: 18/18 MP: 1/1
   139 | D:1      | Gained mutation: You sometimes gain a little power by
                  | taking damage. [demonic ancestry]
   139 | D:1      | Reached XP level 2. HP: 17/25 MP: 2/2
   541 | D:1      | Reached skill level 4 in Fighting
   753 | D:1      | Gained mutation: You sometimes gain power by taking damage.
                  | [demonic ancestry]
   753 | D:1      | Reached XP level 3. HP: 30/30 MP: 3/3
  1007 | D:2      | Found a shadowy altar of Dithmenos.
  1007 | D:2      | Found a radiant altar of Vehumet.
  1192 | D:2      | Reached skill level 5 in Fighting
  1192 | D:2      | Gained mutation: You have a somewhat thin skeletal
                  | structure. (Dex +2, Stealth) [demonic ancestry]
  1192 | D:2      | Reached XP level 4. HP: 37/39 MP: 4/4
  1198 | D:2      | Found a deep blue altar of Sif Muna.
  1348 | D:2      | Became a worshipper of Dithmenos the Shadowed
  2112 | D:3      | Gained mutation: You have sharp fingernails. [demonic
                  | ancestry]
  2112 | D:3      | Reached XP level 5. HP: 39/46 MP: 5/5
  2175 | D:3      | Reached * piety under Dithmenos
  2517 | D:4      | Noticed Eustachio
  2519 | D:4      | Reached skill level 6 in Fighting
  2567 | D:4      | Killed Eustachio
  2567 | D:4      | Reached skill level 7 in Fighting
  2567 | D:4      | Reached XP level 6. HP: 27/55 MP: 6/6
  2834 | D:4      | Got a faintly humming leather armour
  2845 | D:4      | Identified the +1 leather armour of Untold Secrets {Dex+4}
                  | (You found it on level 4 of the Dungeon)
  3071 | D:4      | Reached skill level 1 in Stealth
  3074 | D:4      | Reached skill level 1 in Dodging
  3076 | D:4      | Gained mutation: You have very sharp fingernails. [demonic
                  | ancestry]
  3076 | D:4      | Reached XP level 7. HP: 60/60 MP: 7/7
  3148 | D:5      | Entered Level 5 of the Dungeon
  3443 | D:5      | Found a sparkling altar of Nemelex Xobeh.
  3518 | D:5      | You fall through a shaft for 2 floors!
  4232 | D:5      | Found a bloodstained altar of Trog.
  4565 | D:6      | Found a hazy altar of Hepliaklqana.
  4613 | D:6      | Reached ** piety under Dithmenos
  4613 | D:6      | Reached skill level 8 in Fighting
  4613 | D:6      | Reached XP level 8. HP: 66/68 MP: 8/8
  4737 | D:6      | Found a staircase to the Ecumenical Temple.
  5166 | D:6      | Found a glowing golden altar of the Shining One.
  6257 | D:8      | Found a hide-covered altar of Uskayaw.
  6413 | D:8      | Reached XP level 9. HP: 44/75 MP: 9/9
  6424 | D:8      | HP: 1/75 [killer bee (3)]
  6828 | D:8      | Found Tijiet's Gadget Shoppe.
  7037 | D:8      | Reached skill level 5 in Shields
  7165 | D:8      | Noticed a two-headed ogre
  7305 | D:8      | Found an ancient bone altar of Kikubaaqudgha.
  7313 | D:8      | Mangled by a two-headed ogre

Skill      XL: |  1  2  3  4  5  6  7  8  9 |
---------------+----------------------------+-----
Fighting       | 4 5 7 8 |  8.9
Axes           | 2 3 4 |  4.8
Stealth        | 1 |  1.8
Dodging        | 1 |  1.5
Armour         | 3 4 |  4.9
Shields        | 3 4 5 |  5.0

Action                   |  1- 3 |  4- 6 |  7- 9 || total
-------------------------+-------+-------+-------++-------
Melee: War axe           |   113 |   190 |   267 ||   570
  Use: Scroll            |     8 |     3 |     7 ||    18
       Potion            |       |     6 |     4 ||    10
 Stab: Sleeping          |       |     1 |     3 ||     4
  Eat: Ration            |     1 |     1 |     6 ||     8
       Chunk             |     1 |       |       ||     1
Armor: Scale mail        |    77 |    48 |    72 ||   197
       Ring mail         |       |    50 |       ||    50
       Leather armour    |       |     2 |     8 ||    10
Dodge: Dodged            |    39 |    67 |    70 ||   176
Block: Shield            |    72 |    57 |       ||   129
       Large shield      |       |   109 |   293 ||   402
